 Dungeon Crawl Stone Soup version 0.21-a0-1-gaf3b9a5 (webtiles) character file.

213 inmateoo the Stinger (level 5, -5/28 HPs)
             Began as a Gargoyle Venom Mage on May 20, 2017.
             Killed by a distortion unwield (30 damage)
             ... on level 4 of the Dungeon.
             The game lasted 00:04:34 (2797 turns).

inmateoo the Stinger (Gargoyle Venom Mage)          Turns: 2797, Time: 00:04:34

Health: -5/28      AC:  6    Str: 11    XL:     5   Next: 90%
Magic:  6/9        EV: 12    Int: 16    God:
Gold:   187        SH:  0    Dex: 11    Spells: 3/9 levels left

rFire    . . .     SeeInvis .     - Unarmed
rCold    + . .     Gourm    .   (no shield)
rNeg     + . .     Faith    .   a - +0 robe
rPois    ∞         Spirit   .   (no helmet)
rElec    +         Reflect  .   (no cloak)
rCorr    .         Harm     .   (no gloves)
MR       .....                  (no boots)
Stlth    ++........             (no amulet)
Regen    0.1/turn               n - ring of protection from cold
MPRegen  0.2/turn               (no ring)

@: no status effects
A: negative energy resistance 1, electricity resistance, unbreathing,
petrification resistance, rot immunity, AC +4
a: no special abilities


You were on level 4 of the Dungeon.
You were not hungry.

You visited 1 branch of the dungeon, and saw 4 of its levels.

You collected 187 gold pieces.

Inventory:

Hand Weapons
 d - a +0 spear
 m - a +0 whip of distortion
 s - a +0 trident
Armour
 a - a +0 robe (worn)
Jewellery
 n - a ring of protection from cold (left hand)
Scrolls
 f - 4 scrolls of identify {unknown}
 g - a scroll of fear
 h - 3 scrolls of teleportation
 k - 4 scrolls of remove curse
 l - a scroll of amnesia {unknown}
 p - a scroll of fog {unknown}
Potions
 e - a potion of might {unknown}
 i - a potion of degeneration {unknown}
 j - a potion of haste
 o - a potion of lignification {unknown}
 q - 2 potions of agility {unknown}
 r - a potion of curing {unknown}
 t - a potion of flight {unknown}
Books
 b - a Young Poisoner's Handbook

   Spells                             Type                      Level
   a - Sting                          Conjuration/Poison           1
   b - Poisonous Vapours              Poison/Air                   2
   c - Mephitic Cloud                 Conjuration/Poison/Air       3
   d - Olgreb's Toxic Radiance        Poison                       4
   e - Venom Bolt                     Conjuration/Poison           5
Comestibles
 c - 3 bread rations


   Skills:
 * Level 0.2 Fighting
 + Level 2.2 Dodging
 - Level 2.1 Stealth
 - Level 2.9 Unarmed Combat
 + Level 2.7 Spellcasting
 - Level 1.1 Conjurations
 * Level 4.6 Poison Magic


You had 3 spell levels left.
You knew the following spells:

 Your Spells              Type           Power        Failure   Level  Hunger
a - Sting                 Conj/Pois      ##..         6%          1    #......
b - Poisonous Vapours     Pois/Air       #.....       12%         2    ##.....
c - Mephitic Cloud        Conj/Pois/Air  #.......     26%         3    ###....


Dungeon Overview and Level Annotations

Branches:
Dungeon (4/15)
 Temple: D:4-7

Altars:
Fedhas
Sif Muna
Xom

Annotations:
D:2 2 transporters


Innate Abilities, Weirdness & Mutations

You are resistant to torment.
Your stone body is resilient. (AC +4)
You are immune to poison.
You resist negative energy. (rN+)
You are resistant to electric shocks. (rElec)
You can survive without breathing.
You are immune to petrification.
You are immune to rotting.


Message History

The sting misses the orc.
The orc barely misses you.
You hit the orc.
You kill the orc!
No target in view!
No target in view!
No target in view!
You start resting.
Your magical contamination has completely faded away.
Items here: )))) [ ††
Found 8 gold pieces.
Found a stone staircase leading down.
You see here a glowing whip.
m - a glowing whip Wield which item (- for none, * to show all)? (? for menu, Esc to quit)
Space warps around you for a moment!
m - a +0 whip of distortion (weapon)
Drop what? 20/52 slots (_ for help) (? for menu, Esc to quit)
Really unwield
m - a +0 whip of distortion?
You are crushed and pinned by an extremely strong localised spatial distortion!
Ouch! That really hurt!
You die...

.### ##### ....#
####....#
#....#####.)..#
##........####
##..........##
.......<.....##
..............#
...............#
.......@.......#
................#
................#
................#
................
###.$.....>....
####.........
#..#######


There were no monsters in sight!

Vanquished Creatures
  2 orc wizards (D:3)
  7 adders
  An ooze (D:1)
  A worm (D:3)
  A dart slug (D:1)
  2 leopard geckos
  7 orcs
  2 ball pythons (D:2)
  9 bats
  6 giant cockroaches
  9 hobgoblins
  5 frilled lizards
  8 goblins
  6 kobolds
  11 rats
77 creatures vanquished.

Notes
Turn   | Place    | Note
-------+----------+-------------------------------------------
     0 | D:1      | inmateoo the Gargoyle Venom Mage began the quest for the Orb.
     0 | D:1      | Reached XP level 1. HP: 10/10 MP: 3/3
    97 | D:1      | Reached XP level 2. HP: 11/15 MP: 5/5
   203 | D:1      | Learned a level 2 spell: Poisonous Vapours
   334 | D:1      | Reached skill level 1 in Unarmed Combat
   368 | D:1      | Reached XP level 3. HP: 9/19 MP: 1/6
   853 | D:2      | Learned a level 3 spell: Mephitic Cloud
  1085 | D:2      | Reached XP level 4. HP: 20/24 MP: 4/7
  1331 | D:2      | Noticed a two-headed ogre
  1358 | D:2      | Found a shimmering altar of Xom.
  1955 | D:3      | Reached skill level 4 in Poison Magic
  1967 | D:3      | Found a blossoming altar of Fedhas.
  2164 | D:3      | Reached XP level 5. HP: 17/28 MP: 8/8
  2504 | D:3      | Found a deep blue altar of Sif Muna.
  2797 | D:4      | Killed by a distortion unwield

Vault maps used:
D:1:      dpeg_arrival_houses_and_road, hangedman_decor_riveting
D:2:      gammafunk_temple_overflow_arena, first_bread, minivault_19
D:3:      lemuel_crystal_altar, led_sif_book
D:4:      old_standard_altar, nicolae_overflow_hidden_temple

Skill      XL: |  1  2  3  4  5 |
---------------+----------------+-----
Unarmed Combat | 1 2 |  2.9
Poison Magic   | 4 |  4.6
Dodging        | 2 |  2.2
Fighting       | |  0.2
Stealth        | |  2.1
Spellcasting   | |  2.7
Conjurations   | |  1.1

Action                   |  1- 3 |  4- 6 || total
-------------------------+-------+-------++-------
Melee: Spear             |   100 |   181 ||   281
       Punch             |       |     2 ||     2
 Cast: Poisonous Vapours |     6 |     8 ||    14
       Sting             |       |     9 ||     9
  Use: Scroll            |       |     4 ||     4
 Stab: Sleeping          |     7 |     9 ||    16
       Distracted        |       |     1 ||     1
  Eat: Chunk             |     1 |     6 ||     7
Armor: Robe              |    22 |    43 ||    65
Dodge: Dodged            |    58 |   102 ||   160
